 Dungeon Crawl Stone Soup version 0.29.1-1-gd02db6906a (webtiles) character file.

Game seed: 13820703756874107948

97296 RatsInWalls the Warrior (level 16, -6/141 HPs)
             Began as a Merfolk Gladiator on Oct 21, 2022.
             Was an Elder of Cheibriados.
             Killed by divine providence
             ... invoked by Saint Roka
              (13 damage)
             ... on level 2 of the Orcish Mines.
             The game lasted 01:17:07 (27653 turns).

RatsInWalls the Warrior (Merfolk Gladiator)        Turns: 27653, Time: 01:17:08

Health: -6/141     AC: 15    Str: 27    XL:     16   Next: 19%
Magic:  19/30      EV: 30    Int: 22    God:    Cheibriados [****..]
Gold:   1299       SH:  8    Dex: 32    Spells: 18/35 levels left

rFire   + . .      SeeInvis +   w - +3 demon trident of the Establishment {elec, rElec rC+ Int-5 Dex+5}
rCold   + . .      Faith    .   O - +0 buckler of Merosch {rF+ SInv Stlth-}
rNeg    . . .      Spirit   .   k - +4 scale mail
rPois   +          Reflect  .   c - +0 helmet
rElec   +          Harm     .   (no cloak)
rCorr   +          Rampage  .   A - +0 pair of gloves
Will    ++++.                   r - +0 pair of boots
Stlth   ++........              h - amulet "Plog" {RegenMP Fly rElec rCorr}
HPRegen 0.33/turn               g - +4 ring of evasion
MPRegen 0.62/turn               P - ring of the Raven {rElec rPois Will+++ Int+6}

@: flying, very slow
A: (nimble swimmer 2), mertail
a: Renounce Religion, Bend Time, Temporal Distortion, Slouch


You were on level 2 of the Orcish Mines.
You worshipped Cheibriados.
Cheibriados was greatly pleased with you.
You visited 3 branches of the dungeon, and saw 22 of its levels.
You also visited: Bailey and Gauntlet.

You collected 1837 gold pieces.
You spent 538 gold pieces at shops.

Inventory:

Hand Weapons
 w - the +3 demon trident of the Establishment (weapon) {elec, rElec rC+ Int-5 Dex+5}
   (You acquired it on level 11 of the Dungeon)

   It occasionally discharges a powerful burst of electricity upon striking a
   foe.
   Int:       It affects your intelligence (-5).
   Dex:       It affects your dexterity (+5).
   rC:        It protects you from cold.
   rElec:     It insulates you from electricity.
 U - the +0 demon trident of Circularity {elec, rC+ rCorr Dex+3}
   (You acquired it on level 1 of the Lair of Beasts)

   It occasionally discharges a powerful burst of electricity upon striking a
   foe.
   Dex:       It affects your dexterity (+3).
   rC:        It protects you from cold.
   rCorr:     It protects you from acid and corrosion.
Missiles
 a - 5 silver javelins
 d - 4 throwing nets
 e - 36 javelins (quivered)
 j - 6 curare-tipped darts
 x - 33 poisoned darts
 H - 5 atropa-tipped darts
Armour
 c - a +0 helmet (worn)
 k - a +4 scale mail (worn)
 r - a +0 pair of boots (worn)
 A - a +0 pair of gloves (worn)
 B - a +0 tower shield
 O - the +0 buckler of Merosch (worn) {rF+ SInv Stlth-}
   (You acquired it on level 1 of the Lair of Beasts)

   rF:        It protects you from fire.
   SInv:      It lets you see invisible.
   Stlth:     It makes you less stealthy.
 V - a +0 kite shield
Jewellery
 f - a ring of willpower
 g - a +4 ring of evasion (left hand)
 h - the amulet "Plog" (around neck) {RegenMP Fly rElec rCorr}
   (You acquired it on level 4 of the Lair of Beasts)

   [amulet of magic regeneration]

   It increases your rate of magic regeneration.
   rElec:     It insulates you from electricity.
   Fly:       It grants you flight.
   rCorr:     It protects you from acid and corrosion.
 y - a ring of resist corrosion
 G - a ring of protection from cold
 P - the ring of the Raven (right hand) {rElec rPois Will+++ Int+6}
   (You found it in a bailey)

   [ring of intelligence]

   Int:       It affects your intelligence (+6).
   rElec:     It insulates you from electricity.
   rPois:     It protects you from poison.
   Will:      It greatly increases your willpower.
 S - a ring of willpower
Wands
 z - a wand of flame (23)
 K - a wand of paralysis (8)
 M - a wand of quicksilver (8)
 T - a wand of polymorph (32)
 W - a wand of iceblast (13)
 Y - a wand of mindburst (7)
Scrolls
 b - 3 scrolls of poison
 i - 9 scrolls of teleportation
 l - a scroll of amnesia
 m - 2 scrolls of enchant weapon
 n - 4 scrolls of blinking
 o - a scroll of fear
 v - 6 scrolls of identify
 C - 4 scrolls of brand weapon
 D - 4 scrolls of butterflies
 E - 3 scrolls of magic mapping
 I - 6 scrolls of enchant armour
Potions
 p - 3 potions of berserk rage
 q - 4 potions of mutation
 s - 8 potions of curing
 u - 7 potions of brilliance
 F - a potion of resistance
 J - 4 potions of might
 L - 4 potions of flight
 X - a potion of magic
 Z - a potion of lignification
Miscellaneous
 Q - a phantom mirror (inert)


   Skills:
 + Level 17.4 Fighting
 - Level 14.0 Polearms
 - Level 3.0 Throwing
 - Level 5.0 Armour
 + Level 15.0 Dodging
 - Level 8.0 Stealth
 + Level 7.9 Shields
 + Level 10.0 Spellcasting
 + Level 7.8 Summonings
 - Level 10.2 Invocations


You had 18 spell levels left.
You knew the following spells:

 Your Spells              Type           Power      Damage    Failure   Level
a - Manifold Assault      Tloc           11%        N/A       99%         5
b - Summon Hydra          Summ           22%        N/A       99%         7
c - Summon Forest         Summ/Tloc      14%        N/A       65%         5

Your spell library contained the following spells:

 Spells                   Type           Power      Damage    Failure   Level
 Blink                    Tloc           22%        N/A       24%         2
 Static Discharge         Conj/Air       11%        3-5/arc   24%         2
 Sublimation of Blood     Necr           11%        N/A       24%         2
 Wereblood                Tmut           11%        N/A       24%         2
 Gell's Gravitas          Tloc           11%        N/A       43%         3
 Lesser Beckoning         Tloc           11%        N/A       43%         3
 Teleport Other           Tloc           11%        N/A       43%         3
 Animate Dead             Necr           11%        N/A       85%         4
 Dispel Undead            Necr           11%        3d9       85%         4
 Fulminant Prism          Conj/Hex       5%         3d7       85%         4
 Iskenderun's Mystic Bla  Conj/Tloc      11%        2d4       85%         4
 Sticky Flame             Conj/Fire      11%        2d3       85%         4
 Lee's Rapid Deconstruct  Erth           5%         3d7*      99%         5
 Dispersal                Tloc           5%         N/A       100%        6
 Eringya's Noxious Bog    Tmut/Pois      5%         N/A       100%        6
 Haunt                    Necr/Summ      14%        N/A       100%        7
 Infestation              Necr           5%         N/A       100%        8


Dungeon Overview and Level Annotations

Branches:
Dungeon (15/15)            Temple (0/1) D:6            Lair (5/5) D:9
 Shoals (0/4) Lair:3        Snake (0/4) Lair:3        Slime (0/5) Lair:5
    Orc (2/2) D:11         Vaults (0/5) D:14         Depths (0/4) D:15
 Bailey (visited)         Gauntlet (visited)
    Elf: Orc:2

Altars:
Ashenzari
Cheibriados
Elyvilon
Sif Muna
Trog
Uskayaw
Vehumet
Wu Jian
Jiyva

Shops:
D:2 !::   D:4 [   D:11 (   D:13 ?   D:14 [(?[

Annotations:
D:6 2 transporters
Lair:4 3 runed translucent doors, exclusion: oklob plant, bwicke's ghost, journeyman DsWn
Orc:2 Saint Roka


Innate Abilities, Weirdness & Mutations

((You are very nimble when in or above water. (Stealth+, EV+, Speed+++)))
Your lower body shifts to a powerful aquatic tail in water.


Message History

You hit Saint Roka but do no damage.
Saint Roka is almost dead.
Saint Roka no longer looks unusually strong.
Saint Roka roars a battlecry!
The orc knight goes into a battle-frenzy!
The orc knight hits you with a +0 dire flail!!
* * * LOW HITPOINT WARNING * * *
You feel better.
The orc knight unwields a +0 arbalest.
The orc knight wields a +0 long sword.
The orc knight barely misses you.
The orc knight roars a battlecry!
Saint Roka goes into a battle-frenzy!
Unknown command.
You barely miss Saint Roka.
Saint Roka is almost dead.
Saint Roka misses you.
Unknown command.
Okay, then.
You hit Saint Roka.
Saint Roka is almost dead.
The orc knight hits you with a +0 long sword!
The orc knight hits you with a +0 dire flail!
* * * LOW HITPOINT WARNING * * *
Unknown command.
You hit Saint Roka.
Saint Roka is almost dead.
The orc knight closely misses you.
Saint Roka hits you with a +2 great mace of protection!
* * * LOW HITPOINT WARNING * * *
Unknown command.
The flow of time bends around you.
Saint Roka easily resists.
The orc knight resists with some effort.
Cheibriados rebukes the orc knight.
The orc knight seems to slow down.
You block the orc knight's attack.
You feel better.
The orc knight hits you with a +0 dire flail!!
* * * LOW HITPOINT WARNING * * *
The orc knight completely misses you.
Saint Roka calls down the wrath of Beogh upon you.
Beogh smites you!
You die...

..))).............#
#.................##
.#....#..........).##
#.............)...#.# .
.................######..
................).).8.)..
...............))))..)...
...............))o)).....
................@o).)).).
................o...8.)).
..................#####).
...)............... .
...................#
.......#..........##
.......##.........#
........ .........#
.........


You could see Saint Roka (strong, slow) and 2 orc knights.

Vanquished Creatures
  A dire elephant (D:15)
  Josephine (Lair:5)
  4 boulder beetles
  A catoblepas (D:9)
  9 hydras
  8 vault guards (D:14)
  7 centaur warriors
  8 death yaks (Lair:5)
  5 two-headed ogres
  2 orc high priests
  2 tengu warriors
  A shock serpent (shapeshifter) (D:14)
  Sonja (Lair:1)
  Nergalle (Orc:2)
  4 skeletal warriors (D:14)
  A fire crab (Lair:5)
  A harpy (shapeshifter) (D:14)
  A deep elf pyromancer (D:14)
  2 orc knights
  2 cyclopes
  4 orc sorcerers
  4 manticores
  15 ugly things
  A salamander (D:15)
  4 elephants (Lair:5)
  2 black mambas
  A merfolk siren (Lair:3)
  14 cane toads
  2 gargoyles
  A torpor snail (Lair:1)
  An efreet (D:13)
  A kobold demonologist (D:13)
  An unseen horror (D:10)
  A rime drake (Lair:5)
  8 komodo dragons
  3 tengu conjurers
  9 trolls
  8 polar bears
  3 meliai (D:15)
  23 blink frogs
  4 hornets
  5 dream sheep
  18 slime creatures
  Sigmund (D:2)
  A spriggan (shapeshifter) (D:13)
  34 yaks
  8 wraiths
  14 spriggans (Lair:5)
  Grum (Lair:1)
  9 wyverns
  4 steam dragons
  8 vampire mosquitoes
  6 basilisks
  A warg (Orc:2)
  4 nagas (Lair:3)
  2 acid dragons (D:9)
  6 water moccasins
  36 orc warriors
  A sky beast (D:8)
  5 black bears
  5 boggarts (Lair:5)
  8 ogres
  37 wolves
  25 centaurs
  Blork the orc (Orc:2)
  2 kobold brigands
  7 bullfrogs
  5 gnoll sergeants
  5 scorpions
  A necrophage (D:5)
  4 wights
  14 killer bees
  3 howler monkeys
  3 electric eels
  A hound (D:5)
  2 jellies
  21 orc priests
  A gnoll bouda (D:7)
  An iguana (D:5)
  25 orc wizards
  4 hell rats
  A statue (D:5)
  16 gnolls
  2 adders
  An ufetubus (D:5)
  A worm (D:5)
  A dart slug (D:5)
  99 orcs
  5 ball pythons
  5 endoplasms
  3 giant cockroaches
  7 goblins
  5 hobgoblins
  4 jackals (D:3)
  10 kobolds
  6 quokkas
  4 bats
  3 frilled lizards
  A rat (D:1)
685 creatures vanquished.

Vanquished Creatures (collateral kills)
  Urug (Lair:2)
1 creature vanquished.

Vanquished Creatures (others)
  2 orcs
  2 kobolds (D:8)
  2 bushes
  A butterfly (D:14)
  33 fungi
  24 plants
64 creatures vanquished.

Grand Total: 750 creatures vanquished

Notes
Turn   | Place    | Note
-------+----------+-------------------------------------------
     0 | D:1      | RatsInWalls the Merfolk Gladiator began the quest for the
                  | Orb.
     0 | D:1      | Reached XP level 1. HP: 16/16 MP: 1/1
   232 | D:1      | Reached XP level 2. HP: 23/23 MP: 2/2
   301 | D:1      | Found a faded altar of an unknown god.
   312 | D:1      | Prayed at the altar of an unknown god.
   312 | D:1      | Became a worshipper of Cheibriados the Contemplative
   312 | D:1      | Reached * piety under Cheibriados
   995 | D:2      | Noticed Sigmund
  1175 | D:2      | Found Jifot's Distillery.
  1180 | D:2      | Bought a potion of curing for 33 gold pieces
  1216 | D:2      | Reached XP level 3. HP: 28/28 MP: 3/3
  1458 | D:2      | Reached ** piety under Cheibriados
  1493 | D:2      | Found Coradounyt's Book Shoppe.
  1579 | D:2      | Killed Sigmund
  1580 | D:2      | Reached skill level 3 in Fighting
  1580 | D:2      | Reached skill level 5 in Polearms
  1580 | D:2      | Reached skill level 1 in Armour
  1580 | D:2      | Reached XP level 4. HP: 15/37 MP: 1/5
  1580 | D:2      | Reached XP level 5. HP: 17/42 MP: 1/6
  1811 | D:2      | Found Zothryidd's Book Boutique.
  2203 | D:3      | Reached XP level 6. HP: 48/48 MP: 7/7
  2353 | D:3      | Found a bloodstained altar of Trog.
  2700 | D:3      | Reached skill level 4 in Fighting
  3004 | D:4      | Found Woogiog's Antique Armour Shop.
  3422 | D:4      | Reached *** piety under Cheibriados
  3590 | D:4      | Reached XP level 7. HP: 28/55 MP: 9/9
  4325 | D:5      | Entered Level 5 of the Dungeon
  4332 | D:5      | Reached skill level 5 in Dodging
  4577 | D:5      | Reached skill level 5 in Fighting
  4608 | D:5      | Found a radiant altar of Vehumet.
  5017 | D:5      | Reached XP level 8. HP: 60/62 MP: 11/11
  5401 | D:5      | Reached **** piety under Cheibriados
  6204 | D:6      | Found a transporter.
  6209 | D:6      | Noticed a kobold demonologist
  6219 | D:6      | Found a transporter.
  6231 | D:6      | Noticed a kobold demonologist
  6260 | D:6      | Found an ornate altar of the Wu Jian Council.
  6462 | D:6      | Reached skill level 1 in Stealth
  6462 | D:6      | Reached skill level 5 in Invocations
  6910 | D:6      | Reached skill level 6 in Fighting
  7260 | D:6      | Found a staircase to the Ecumenical Temple.
  7631 | D:7      | Reached XP level 9. HP: 71/71 MP: 12/12
  8748 | D:8      | Reached ***** piety under Cheibriados
  8754 | D:8      | Found a broken altar of Ashenzari.
  8820 | D:8      | Reached skill level 7 in Fighting
  9619 | D:8      | Reached skill level 5 in Stealth
  9623 | D:9      | Noticed a hornet
  9769 | D:8      | Reached skill level 10 in Polearms
  9841 | D:8      | Reached XP level 10. HP: 80/80 MP: 14/14
  9925 | D:9      | Found a flagged portal.
  9934 | Bailey   | Entered a bailey
 10420 | Bailey   | Reached skill level 8 in Fighting
 11035 | Bailey   | Identified the ring of the Raven {rElec rPois Will+++
                  | Int+6}
 11190 | D:9      | Found a staircase to the Lair.
 11313 | D:9      | Noticed a gargoyle
 11327 | D:9      | Killed a gargoyle
 11663 | D:9      | Noticed a cyclops
 11670 | D:9      | Killed a cyclops
 11671 | D:9      | Reached skill level 9 in Fighting
 11692 | D:9      | Noticed a green ugly thing
 11704 | D:9      | Killed a green ugly thing
 11705 | D:9      | Reached XP level 11. HP: 67/89 MP: 13/16
 12123 | D:9      | Noticed a catoblepas
 12142 | D:9      | Killed a catoblepas
 12143 | D:9      | Reached skill level 10 in Fighting
 12879 | Lair:1   | Entered Level 1 of the Lair of Beasts
 12879 | Lair:1   | Noticed Sonja
 12897 | Lair:1   | Killed Sonja
 12898 | Lair:1   | Reached skill level 10 in Dodging
 13327 | Lair:1   | Reached skill level 11 in Fighting
 13623 | Lair:1   | Reached XP level 12. HP: 90/100 MP: 17/17
 13627 | Lair:1   | Reached skill level 1 in Shields
 13762 | Lair:1   | Noticed Grum
 13811 | Lair:1   | Killed Grum
 13862 | Lair:1   | Reached skill level 12 in Fighting
 14158 | Lair:1   | Identified 3 scrolls of acquirement
 14158 | Lair:1   | Acquired the +0 demon trident of Circularity {elec, rC+
                  | rCorr Dex+3}
 14162 | Lair:1   | Acquired the +0 buckler of Merosch {rF+ SInv Stlth-}
 14303 | Lair:1   | Found a shimmering blue altar of Sif Muna.
 14647 | Lair:2   | Noticed Urug
 14764 | Lair:2   | Reached ****** piety under Cheibriados
 14971 | Lair:2   | Killed Urug
 15074 | Lair:2   | Noticed a seven-headed hydra
 15084 | Lair:2   | Reached skill level 5 in Shields
 15108 | Lair:3   | Found a gate leading to a gauntlet.
 15117 | Gauntlet | Entered a Gauntlet
 15117 | Gauntlet | Noticed a death yak
 15117 | Gauntlet | Noticed a death yak
 15117 | Gauntlet | Noticed a death yak
 15117 | Gauntlet | Noticed a death yak
 15117 | Gauntlet | Noticed a death yak
 15117 | Gauntlet | Noticed a death yak
 15117 | Gauntlet | Found a transporter.
 15117 | Gauntlet | Found a transporter.
 15117 | Gauntlet | Found a transporter.
 15118 | Gauntlet | Found a transporter.
 15122 | Gauntlet | Found a transporter.
 15135 | Gauntlet | Found a transporter.
 15136 | Gauntlet | Found a transporter.
 15193 | Lair:3   | Found a staircase to the Snake Pit.
 15395 | Lair:2   | Killed a seven-headed hydra
 15396 | Lair:2   | Reached skill level 13 in Fighting
 15866 | Lair:3   | Reached skill level 1 in Spellcasting
 16039 | Lair:3   | Reached XP level 13. HP: 110/111 MP: 18/20
 16151 | Lair:3   | Found a staircase to the Shoals.
 16667 | Lair:4   | Noticed a minotaur
 16668 | Lair:4   | Noticed bwicke's ghost (journeyman DsWn)
 17296 | Lair:4   | Found a runed translucent gate.
 17303 | Lair:4   | Found a runed translucent gate.
 17303 | Lair:4   | Found a runed translucent gate.
 17611 | Lair:5   | Entered Level 5 of the Lair of Beasts
 17701 | Lair:5   | Reached skill level 14 in Fighting
 17702 | Lair:5   | Noticed Josephine
 17722 | Lair:5   | Killed Josephine
 17723 | Lair:5   | Reached skill level 10 in Invocations
 17930 | Lair:5   | Reached skill level 5 in Spellcasting
 18565 | Lair:5   | Reached skill level 15 in Fighting
 18580 | Lair:5   | Reached XP level 14. HP: 97/123 MP: 14/23
 18888 | Lair:4   | Learned a level 5 spell: Manifold Assault
 18888 | Lair:4   | Acquired the amulet "Plog" {RegenMP Fly rElec rCorr}
 19175 | Lair:5   | Learned a level 7 spell: Summon Hydra
 19202 | Lair:5   | Reached skill level 1 in Summonings
 19752 | Lair:5   | Found a viscous altar of Jiyva.
 19752 | Lair:5   | Found a staircase to the Slime Pits.
 20467 | D:10     | Entered Level 10 of the Dungeon
 20510 | D:10     | You are sucked into a shaft and drop 2 floors!
 20651 | D:11     | Found Woujean's Weapon Boutique.
 20842 | D:11     | Reached skill level 16 in Fighting
 21152 | D:11     | Found a staircase to the Orcish Mines.
 21284 | D:10     | Found a hide-covered altar of Uskayaw.
 21525 | D:10     | Reached skill level 15 in Dodging
 22135 | D:11     | Acquired the +3 demon trident of the Establishment {elec,
                  | rElec rC+ Int-5 Dex+5}
 22934 | D:13     | Reached XP level 15. HP: 83/131 MP: 27/27
 22940 | D:13     | Reached skill level 5 in Summonings
 23167 | D:13     | Found Rigiefi's Magic Scroll Shop.
 23172 | D:13     | Bought 2 scrolls of enchant armour for 180 gold pieces
 23172 | D:13     | Bought a scroll of blinking for 90 gold pieces
 23172 | D:13     | Bought a scroll of teleportation for 36 gold pieces
 24003 | D:14     | Found Gathrocw's Antique Armour Shop.
 24201 | D:14     | Found Umunapte's Antique Weapon Shop.
 24311 | D:14     | Found a gate to the Vaults.
 24374 | D:14     | Reached skill level 5 in Armour
 24379 | D:14     | Identified the +2 robe "Jotuugh" {rPois rC- Int+4 Dex+3}
 24725 | D:14     | Found Mibeu's Antique Armour Emporium.
 24952 | D:14     | Found Urchunt's Magic Scroll Emporium.
 24966 | D:14     | Bought a scroll of blinking for 142 gold pieces
 24966 | D:14     | Bought a scroll of teleportation for 57 gold pieces
 25006 | D:14     | Reached skill level 17 in Fighting
 25076 | D:14     | Found a white marble altar of Elyvilon.
 25225 | D:15     | Entered Level 15 of the Dungeon
 25755 | D:15     | Learned a level 5 spell: Summon Forest
 26128 | D:15     | Found a staircase to the Depths.
 26142 | D:15     | Reached XP level 16. HP: 141/141 MP: 29/29
 26323 | Orc:1    | Entered Level 1 of the Orcish Mines
 26565 | Orc:2    | Entered Level 2 of the Orcish Mines
 27075 | Orc:2    | Noticed Nergalle
 27077 | Orc:2    | Noticed Saint Roka
 27081 | Orc:2    | Killed Nergalle
 27082 | Orc:2    | Reached skill level 10 in Spellcasting
 27083 | Orc:2    | Noticed Blork the orc
 27101 | Orc:2    | Killed Blork the orc
 27653 | Orc:2    | HP: 7/141 [orc knight/+0 dire flail (25)]
 27653 | Orc:2    | Killed from afar by Saint Roka

Illustrated notes

Levels and vault maps discovered:
D:1:      spicycebolla_green_bress_n_ham_2, layout_basic, basic_ecumenical_altar
D:2:      layout_loops_cross, serial_shops, shop, nicolae_shop_trees,
          nicolae_shop_competitors_out_of_business, minmay_misc_feat_rows,
          uniq_sigmund
D:3:      layout_loops_ring, mainiacjoe_overflow_boulevard
D:4:      layout_basic, serial_shops, nicolae_take_the_stairs
D:5:      layout_basic, vehumet_statue, nrook_campfire
D:6:      gammafunk_wand_slinger, layout_gridville,
          mainiacjoe_overflow_brackets, minmay_temple_entry_poolview,
          nicolae_kite_square_tiling_tiny
D:7:      layout_basic
D:8:      layout_rooms, mainiacjoe_overflow_surrounded_room, serial_rivers,
          chequers_serial_rivers_room_b, chequers_serial_rivers_small_b,
          chequers_serial_rivers_small_3, chequers_serial_rivers_micro_a
D:9:      minmay_ornate_pinched, layout_irregular_city, enter_bailey_2
D:10:     layout_roguey, nicolae_uskayaw_dance_hall
D:11:     layout_cave_pods, david_orc_2, serial_shops, nicolae_square_shop
D:12:     layout_loops_corners
D:13:     layout_loops_ring, serial_shops, shop, nicolae_fountain_basement
D:14:     layout_rooms, erik_vaults_2, nicolae_elyvilon_peaceful_grove,
          serial_shops, nicolae_diamond_shop, shop, shop, kennysheep_little_box
D:15:     hangedman_depths_entry_try_elsewhere_first, layout_basic,
          roderic_serpentine_path
Lair:1:   layout_chaotic_city, basic_altar, st_stairs_13, uniq_grum, uniq_sonja
Lair:2:   layout_cellular_growth, uniq_urug
Lair:3:   layout_cave_pods, minmay_shoals_entry_lonely_mermaid,
          guppyfry_snake_entry_garden, gauntlet_entry_generic
Lair:4:   layout_long_grid, maelrawn_ghost_gauntlet_escape, lookout_lair_type
Lair:5:   minmay_lair_end_enchanted_forest, layout_gridlike, slime_entry_1,
          grunt_megastairs_4, infiniplex_staircase_pool, uniq_josephine
Orc:1:    layout_caves, uniq_erolcha
Orc:2:    grunt_orc_cross, layout_caves

Skill      XL: |  1  2  3  4  5  6  7  8  9 10 11 12 13 14 15 16 |
---------------+-------------------------------------------------+-----
Fighting       | 3 4 5 6 7 9 11 13 15 16 17 | 17.4
Polearms       | 5 6 8 10 12 13 14 | 14.0
Armour         | 1 2 3 5 |  5.0
Invocations    | 2 3 4 5 7 9 10 | 10.2
Dodging        | 5 7 9 10 12 13 15 | 15.0
Stealth        | 2 5 7 8 |  8.0
Throwing       | 3 |  3.0
Shields        | 5 6 7 |  7.9
Spellcasting   | 1 6 8 9 10 | 10.0
Summonings     | 4 7 |  7.8

Action                   |  1- 3 |  4- 6 |  7- 9 | 10-12 | 13-15 | 16-18 || total
-------------------------+-------+-------+-------+-------+-------+-------++-------
Melee: Trident           |    81 |   103 |   325 |   291 |       |       ||   800
       Punch             |     1 |     1 |     6 |       |       |       ||     8
       Tailslap          |       |       |     7 |     5 |       |       ||    12
       Halberd           |       |       |    86 |    15 |       |       ||   101
       Glaive            |       |       |       |   178 |       |       ||   178
       Demon trident     |       |       |       |   148 |  1234 |   160 ||  1542
Throw: Javelin           |       |       |       |     4 |     2 |       ||     6
Invok: Bend Time         |     1 |       |     1 |    10 |     6 |     4 ||    22
       Temporal Distorti |       |       |     2 |     3 |       |     3 ||     8
       Slouch            |       |       |       |     3 |     3 |     8 ||    14
       Step From Time    |       |       |       |       |     1 |     1 ||     2
Evoke: Wand              |       |       |     9 |     1 |     6 |       ||    16
       Phantom mirror    |       |       |       |     1 |       |     1 ||     2
  Use: Scroll            |     5 |     3 |     6 |     7 |    14 |       ||    35
       Potion            |       |       |     2 |     4 |     2 |     4 ||    12
 Stab: Sleeping          |     3 |     3 |     3 |     6 |    17 |       ||    32
       Distracted        |       |       |       |     3 |     5 |       ||     8
Armor: Leather armour    |    14 |     2 |       |       |       |       ||    16
       Scale mail        |       |    10 |   116 |    88 |   119 |    14 ||   347
Dodge: Dodged            |    31 |    46 |   306 |   529 |   856 |    99 ||  1867
Block: Buckler           |       |       |       |   113 |   361 |    46 ||   520
